 Dungeon Crawl Stone Soup version 0.28-a0-883-gc8d7bad45d (webtiles) character file.

Game seed: 9877533971606725402

9450 RepHenryClay the Blocker (level 11, -10/89 HPs)
             Began as a Gnoll Fighter on Nov 21, 2021.
             Was a High Priest of Cheibriados.
             Mangled by a cane toad simulacrum (17 damage)
             ... in an ice cave.
             The game lasted 00:17:01 (10637 turns).

RepHenryClay the Blocker (Gnoll Fighter)           Turns: 10637, Time: 00:17:02

Health: -10/89     AC: 16    Str: 35    XL:     11   Next: 46%
Magic:  20/20      EV: 14    Int: 18    God:    Cheibriados [*****.]
Gold:   449        SH:  9    Dex: 24    Spells: 19/22 levels left

rFire   . . .      SeeInvis .   M - +3 falchion (freeze)
rCold   . . .      Faith    .   C - +1 buckler "Milyoq" {rElec}
rNeg    . . .      Spirit   .   c - +0 chain mail
rPois   .          Reflect  .   (no helmet)
rElec   +          Harm     .   r - +0 cloak
rCorr   +          Rampage  .   (no gloves)
Will    .....                   k - +2 pair of boots
Stlth   +.........              B - amulet of the acrobat
HPRegen 0.24/turn               v - ring of resist corrosion
MPRegen 0.17/turn               t - +6 ring of strength

@: about to teleport, studying Axes, very slow
A: fangs 1, strong nose, distributed training
a: Renounce Religion, Bend Time, Temporal Distortion, Slouch, Step From Time


You were in an ice cave.
You worshipped Cheibriados.
Cheibriados was extremely pleased with you.
You visited 2 branches of the dungeon, and saw 12 of its levels.
You also visited: Ice Cave.

You collected 766 gold pieces.
You spent 317 gold pieces at shops.

Inventory:

Hand Weapons
 a - a +0 long sword
 x - a +0 dagger of draining
 M - a +3 falchion of freezing (weapon)
Missiles
 G - 40 poisoned darts (quivered)
 L - a curare-tipped dart
Armour
 c - a +0 chain mail (worn)
 k - a +2 pair of boots (worn)
 r - a +0 cloak (worn)
 C - the +1 buckler "Milyoq" (worn) {rElec}
   (You found it on level 5 of the Dungeon)

   rElec:     It insulates you from electricity.
Jewellery
 t - a +6 ring of strength (right hand)
 v - a ring of resist corrosion (left hand)
 y - a ring of magical power
 B - an amulet of the acrobat (around neck)
Wands
 p - a wand of flame (30)
 E - a wand of acid (8)
 H - a wand of iceblast (23)
 P - a wand of charming (6)
Scrolls
 g - a scroll of fear {unknown}
 j - a scroll of fog
 m - a scroll of noise
 w - a scroll of magic mapping {unknown}
 A - 4 scrolls of teleportation
 D - a scroll of enchant armour {unknown}
 F - 2 scrolls of vulnerability {unknown}
 I - a scroll of torment {unknown}
 J - 4 scrolls of identify {@r1}
 K - 2 scrolls of brand weapon {unknown}
Potions
 b - 2 potions of haste
 d - 3 potions of might
 e - 3 potions of resistance
 f - 3 potions of flight
 h - 2 potions of degeneration
 l - 6 potions of heal wounds
 n - 2 potions of cancellation
 q - 2 potions of brilliance
 u - 3 potions of attraction
 z - 7 potions of curing
 N - 2 potions of mutation
 O - a potion of berserk rage


   Skills:
 + Level 9.2 Fighting
 + Level 6.3 Short Blades
 + Level 7.9 Long Blades
 + Level 7.2 Axes
 + Level 6.3 Maces & Flails
 + Level 6.3 Polearms
 + Level 6.3 Staves
 + Level 6.3 Slings
 + Level 6.3 Bows
 + Level 6.3 Crossbows
 + Level 6.3 Throwing
 + Level 9.2 Armour
 + Level 6.3 Dodging
 + Level 6.3 Stealth
 + Level 9.2 Shields
 + Level 6.3 Unarmed Combat
 + Level 6.3 Spellcasting
 + Level 5.2 Conjurations
 + Level 5.2 Hexes
 + Level 5.2 Summonings
 + Level 5.2 Necromancy
 + Level 5.2 Translocations
 + Level 5.2 Transmutations
 + Level 5.2 Fire Magic
 + Level 5.2 Ice Magic
 + Level 5.2 Air Magic
 + Level 5.2 Earth Magic
 + Level 5.2 Poison Magic
 + Level 6.9 Invocations
 + Level 6.3 Evocations


You had 19 spell levels left.
You knew the following spells:

 Your Spells              Type           Power      Damage    Failure   Level
a - Stone Arrow           Conj/Erth      48%        3d10      13%         3

Your spell library contained the following spells:

 Spells                   Type           Power      Damage    Failure   Level
 Animate Skeleton         Necr           48%        N/A       4%          1
 Pain                     Necr           96%        1d8       4%          1
 Sandblast                Erth           48%        2d12      4%          1
 Passwall                 Tmut/Erth      20%        N/A       7%          2
 Tukima's Dance           Hex            24%        N/A       13%         3
 Vampiric Draining        Necr           24%        2d7       13%         3
 Fulminant Prism          Conj/Hex       12%        3d9       41%         4
 Iskenderun's Mystic Bla  Conj/Tloc      24%        2d7       41%         4
 Passage of Golubria      Tloc           24%        N/A       41%         4
 Lee's Rapid Deconstruct  Erth           12%        3d9*      77%         5
 Yara's Violent Unravell  Hex/Tmut       12%        3d7       77%         5


Dungeon Overview and Level Annotations

Branches:
Dungeon (10/15)            Temple (0/1) D:4            Lair (0/6) D:9
    Orc (2/2) D:9             Elf (0/3) Orc:2         IceCv (1/1)

Altars:
Ashenzari
Cheibriados
Nemelex Xobeh
Sif Muna
Zin
The Shining One

Shops:
D:5 !   D:6 ([(=*   D:9 [(:=!   D:10 (*   Orc:1 *


Innate Abilities, Weirdness & Mutations

You have very sharp teeth.
Your uncanny sense of smell can sniff out nearby items.
Your experience applies equally to all skills.


Message History

Unknown command.
Your warg scratches at a flea.
You climb downwards.
Your summoned allies are left behind.
You feel a wave of frost pass over you.
There is an entrance to an ice cave on this level.
Hurry and find it before the portal melts!
The spriggan simulacrum hits you but does no damage.
The troll simulacrum bites you but does no damage.
The troll simulacrum barely misses you.
The troll simulacrum claws you but does no damage.
The elephant simulacrum tramples you but does no damage.
The elephant simulacrum trunk-slaps you but does no damage.
The orc hits you but does no damage.
There is a stone staircase leading up, spattered with blood here.
Unknown command.
Blink to where?
Press: ? - help, Dir - move target An orc and an orc priest come into view.
Found 16 gold pieces.
As you read the scroll of blinking, it crumbles to dust.
The orc shouts!
The orc priest mumbles some strange prayers to Beogh against you.
Pain shoots through your body!
* * * LOW HITPOINT WARNING * * *
You block the orc's attack.
The polar bear simulacrum misses you. x2
The polar bear simulacrum claws you but does no damage.
The spriggan simulacrum misses you.
The world spins around you as you enter the gateway.
You enter an ice cave!
Found four items.
Found an ice covered gate leading back out of this place.
There is an ice choked empty arch of ancient stone here.
Huge Dmg: -13%(-11hp) hp: 18%(16hp)
There is an ice covered gate leading back out of this place here.
As you read the scroll of teleportation, it crumbles to dust.
You feel strangely unstable.
You block the cane toad simulacrum's attack.
The cane toad simulacrum hits you!
* * * LOW HITPOINT WARNING * * *
The cane toad simulacrum freezes you!
You die...

####
##...####
........##
.........##
..........##
$..8.......#
.!......Z..#
©[$....∩W@.#
.[.......Z.#
$..8...Z...#
..........##
.........##
........##
##...####
####


You could see a freezing wraith, an elephant simulacrum and 2 cane toad
simulacra.

Vanquished Creatures
  2 two-headed ogres
  Pikel (D:4)
  An orc sorcerer (D:9)
  2 cyclopes
  Psyche (D:10)
  A troll (D:9)
  Prince Ribbit (D:6)
  Grinder (D:5)
  5 yaks (D:8)
  Eustachio (D:5)
  4 vampire mosquitoes
  A warg (Orc:1)
  Menkaure (D:5)
  2 water moccasins
  3 black bears
  2 ice beasts
  A sky beast (D:8)
  A necrophage (D:8)
  3 orc warriors (Orc:1)
  4 ogres
  2 wolves (D:9)
  A phantom (D:6)
  5 centaurs
  7 kobold brigands
  A bullfrog (D:8)
  A scorpion (D:4)
  A water moccasin zombie (D:6)
  4 howler monkeys
  3 killer bees (D:8)
  5 wights (D:8)
  4 electric eels (D:9)
  2 bullfrog zombies
  A centaur zombie (D:9)
  6 hounds
  2 orc priests
  A gnoll shaman (D:7)
  2 jellies (D:5)
  Jessica (D:3)
  3 centaur skeletons
  4 orc wizards
  Ijyb (D:5)
  An iguana (D:5)
  Natasha (thrice) (D:2)
  2 killer bee zombies
  5 gnolls
  2 howler monkey zombies
  A howler monkey skeleton (D:6)
  7 adders
  A shadow imp (D:7)
  A white imp (D:7)
  3 worms
  A dart slug (D:1)
  20 orcs
  7 ball pythons
  5 endoplasms
  2 giant cockroaches (D:3)
  8 goblins
  9 hobgoblins
  4 jackals
  26 kobolds
  3 quokkas
  2 bats (D:1)
  4 frilled lizards
  4 rats
216 creatures vanquished.

Notes
Turn   | Place    | Note
-------+----------+-------------------------------------------
     0 | D:1      | RepHenryClay the Gnoll Fighter began the quest for the Orb.
     0 | D:1      | Reached XP level 1. HP: 23/23 MP: 1/1
    81 | D:1      | Reached XP level 2. HP: 22/29 MP: 2/2
   310 | D:1      | Found a faded altar of an unknown god.
   393 | D:1      | Reached XP level 3. HP: 35/35 MP: 3/3
   956 | D:2      | Reached skill level 1 in Invocations
  1026 | D:2      | Noticed Natasha
  1035 | D:2      | Killed Natasha
  1036 | D:2      | Reached skill level 1 in Short Blades
  1036 | D:2      | Reached skill level 1 in Axes
  1036 | D:2      | Reached skill level 1 in Maces & Flails
  1036 | D:2      | Reached skill level 1 in Polearms
  1036 | D:2      | Reached skill level 1 in Staves
  1036 | D:2      | Reached skill level 1 in Slings
  1036 | D:2      | Reached skill level 1 in Bows
  1036 | D:2      | Reached skill level 1 in Crossbows
  1036 | D:2      | Reached skill level 1 in Throwing
  1036 | D:2      | Reached skill level 1 in Dodging
  1036 | D:2      | Reached skill level 1 in Stealth
  1036 | D:2      | Reached skill level 1 in Unarmed Combat
  1036 | D:2      | Reached skill level 1 in Spellcasting
  1036 | D:2      | Reached skill level 1 in Evocations
  1036 | D:2      | Reached XP level 4. HP: 33/41 MP: 5/5
  1165 | D:2      | Reached skill level 1 in Conjurations
  1165 | D:2      | Reached skill level 1 in Hexes
  1165 | D:2      | Reached skill level 1 in Summonings
  1165 | D:2      | Reached skill level 1 in Necromancy
  1165 | D:2      | Reached skill level 1 in Translocations
  1165 | D:2      | Reached skill level 1 in Transmutations
  1165 | D:2      | Reached skill level 1 in Fire Magic
  1165 | D:2      | Reached skill level 1 in Ice Magic
  1165 | D:2      | Reached skill level 1 in Air Magic
  1165 | D:2      | Reached skill level 1 in Earth Magic
  1165 | D:2      | Reached skill level 1 in Poison Magic
  1658 | D:2      | Noticed Natasha
  1668 | D:2      | Killed Natasha
  1669 | D:2      | Reached XP level 5. HP: 40/47 MP: 6/6
  1753 | D:2      | Noticed Natasha
  1761 | D:2      | Killed Natasha
  1892 | D:3      | Noticed Jessica
  1901 | D:3      | Killed Jessica
  2541 | D:4      | Noticed a black bear
  2572 | D:4      | Noticed an ogre
  2588 | D:4      | Reached XP level 6. HP: 36/52 MP: 8/8
  2589 | D:4      | Reached skill level 5 in Long Blades
  2651 | D:3      | Killed a black bear
  2672 | D:3      | Reached XP level 7. HP: 32/59 MP: 10/10
  3048 | D:4      | Found a snail-covered altar of Cheibriados.
  3084 | D:4      | Learned a level 3 spell: Stone Arrow
  3084 | D:4      | Became a worshipper of Cheibriados the Contemplative
  3333 | D:4      | Found a staircase to the Ecumenical Temple.
  3481 | D:5      | Entered Level 5 of the Dungeon
  3481 | D:5      | Noticed Grinder
  3485 | D:5      | Paralysed by Grinder for 3 turns
  3498 | D:5      | Killed Grinder
  3545 | D:5      | Noticed Pikel
  3545 | D:5      | Noticed Menkaure
  3565 | D:4      | Killed Pikel
  3566 | D:4      | Reached XP level 8. HP: 16/67 MP: 12/12
  3993 | D:5      | Killed Menkaure
  4006 | D:5      | Noticed Eustachio
  4028 | D:5      | Killed Eustachio
  4289 | D:5      | Noticed Ijyb
  4293 | D:5      | Reached * piety under Cheibriados
  4296 | D:5      | Killed Ijyb
  4344 | D:5      | Identified the +1 buckler "Milyoq" {rElec}
  4389 | D:5      | Found Robbocom's Distillery.
  4407 | D:5      | Bought a potion of heal wounds for 55 gold pieces
  4407 | D:5      | Bought a potion of curing for 33 gold pieces
  4407 | D:5      | Bought a potion of degeneration for 11 gold pieces
  4923 | D:6      | Reached XP level 9. HP: 71/73 MP: 14/14
  5391 | D:6      | Found Jiuxoll's Jewellery Shoppe.
  5428 | D:6      | Found Igakoha's Assorted Antiques.
  5666 | D:6      | Found Ruitec's Weapon Shoppe.
  5753 | D:6      | Found a shimmering blue altar of Sif Muna.
  5913 | D:6      | Reached ** piety under Cheibriados
  6078 | D:6      | Found Copaesis's Armour Emporium.
  6221 | D:6      | Found Teocw's Weapon Shoppe.
  6224 | D:6      | Noticed Prince Ribbit
  6234 | D:6      | Killed Prince Ribbit
  6544 | D:7      | Reached skill level 5 in Invocations
  6908 | D:7      | Found the +4 robe of Folly {Brilliance Will-∞ Int+8}
  7259 | D:8      | Reached XP level 10. HP: 65/80 MP: 17/17
  7367 | D:8      | Reached *** piety under Cheibriados
  7403 | D:8      | Reached skill level 5 in Short Blades
  7403 | D:8      | Reached skill level 5 in Axes
  7403 | D:8      | Reached skill level 5 in Maces & Flails
  7403 | D:8      | Reached skill level 5 in Polearms
  7403 | D:8      | Reached skill level 5 in Staves
  7403 | D:8      | Reached skill level 5 in Slings
  7403 | D:8      | Reached skill level 5 in Bows
  7403 | D:8      | Reached skill level 5 in Crossbows
  7403 | D:8      | Reached skill level 5 in Throwing
  7403 | D:8      | Reached skill level 5 in Dodging
  7403 | D:8      | Reached skill level 5 in Stealth
  7403 | D:8      | Reached skill level 5 in Unarmed Combat
  7403 | D:8      | Reached skill level 5 in Spellcasting
  7403 | D:8      | Reached skill level 5 in Evocations
  7677 | D:8      | Reached **** piety under Cheibriados
  7908 | D:8      | Found a glowing silver altar of Zin.
  8272 | D:8      | Noticed a cyclops
  8282 | D:8      | Killed a cyclops
  8720 | D:9      | Found a staircase to the Lair.
  8765 | D:9      | Found a staircase to the Orcish Mines.
  8777 | D:9      | Found Omifeid's Book Shop.
  8808 | D:9      | Found Kafriw's Jewellery Emporium.
  8837 | D:9      | Noticed a two-headed ogre
  8844 | D:9      | Killed a two-headed ogre
  8845 | D:9      | Reached XP level 11. HP: 83/87 MP: 15/19
  8880 | D:9      | Found Foxiyxic's Distillery.
  8890 | D:9      | Bought a potion of heal wounds for 55 gold pieces
  8890 | D:9      | Bought a potion of curing for 33 gold pieces
  8890 | D:9      | Bought a potion of curing for 33 gold pieces
  8890 | D:9      | Bought a potion of heal wounds for 55 gold pieces
  8921 | D:9      | Found a broken altar of Ashenzari.
  8923 | D:9      | Found a glowing golden altar of the Shining One.
  8953 | D:9      | Found Leumubras's Armour Shoppe.
  9029 | D:9      | Found Unaxoad's Weapon Shop.
  9302 | D:10     | Entered Level 10 of the Dungeon
  9314 | D:10     | Noticed Psyche
  9353 | D:10     | Killed Psyche
  9362 | D:10     | Reached skill level 5 in Conjurations
  9362 | D:10     | Reached skill level 5 in Hexes
  9362 | D:10     | Reached skill level 5 in Summonings
  9362 | D:10     | Reached skill level 5 in Necromancy
  9362 | D:10     | Reached skill level 5 in Translocations
  9362 | D:10     | Reached skill level 5 in Transmutations
  9362 | D:10     | Reached skill level 5 in Fire Magic
  9362 | D:10     | Reached skill level 5 in Ice Magic
  9362 | D:10     | Reached skill level 5 in Air Magic
  9362 | D:10     | Reached skill level 5 in Earth Magic
  9362 | D:10     | Reached skill level 5 in Poison Magic
  9406 | D:10     | Found Iverunuaf's Weapon Emporium.
  9451 | D:10     | Found a sparkling altar of Nemelex Xobeh.
  9713 | D:10     | Found Tixtuw's Assorted Antiques.
  9749 | D:10     | Noticed a two-headed ogre
  9761 | D:10     | Killed a two-headed ogre
 10045 | Orc:1    | Entered Level 1 of the Orcish Mines
 10046 | Orc:1    | Noticed an orc sorcerer
 10058 | D:9      | Killed an orc sorcerer
 10066 | Orc:1    | Noticed a cyclops
 10087 | Orc:1    | Killed a cyclops
 10333 | Orc:1    | Reached ***** piety under Cheibriados
 10393 | Orc:1    | Found Xeiryxun's General Store.
 10417 | Orc:1    | Bought a scroll of teleportation for 42 gold pieces
 10560 | Orc:2    | Entered Level 2 of the Orcish Mines
 10560 | Orc:2    | Found a staircase to the Elven Halls.
 10560 | Orc:2    | Found a frozen archway.
 10633 | IceCv    | Entered an ice cave
 10637 | IceCv    | Mangled by a cane toad simulacrum

Illustrated notes

Levels and vault maps discovered:
D:1:      dpeg_arrival_solitude, layout_loops_cross,
          ebering_ecumenical_altar_mist, corexii_item_surrounded_by_moat,
          item_on_display_a
D:2:      layout_loops_corners, uniq_natasha
D:3:      layout_loops_ring, uniq_jessica
D:4:      layout_rooms, mainiacjoe_overflow_surrounded_room,
          minmay_temple_entry_ruins, serial_park_tiny_pond
D:5:      layout_cave_pools, serial_rivers, chequers_serial_rivers_small_3,
          chequers_serial_rivers_micro_d, chequers_serial_rivers_small_b,
          chequers_serial_rivers_large_b, chequers_serial_rivers_micro_c,
          chequers_serial_rivers_micro_b, serial_shops, nicolae_shop_waterfront,
          uniq_pikel, uniq_ijyb, uniq_eustachio, uniq_grinder, uniq_menkaure
D:6:      layout_basic, mainiacjoe_overflow_catwalk, serial_shops,
          nicolae_shop_competitors_out_of_business, shop, nicolae_diamond_shop,
          shop, kennysheep_mini_moat, kennysheep_generic_room_15,
          uniq_prince_ribbit1
D:7:      layout_loops_cross
D:8:      layout_loops_ring, mainiacjoe_overflow_alcove_2, minmay_statues_item,
          minmay_manual_moon
D:9:      layout_rooms, mainiacjoe_overflow_catwalk_spiral, erik_lair_island,
          orc_0_dummy, serial_shops, nicolae_square_shop,
          nicolae_inconvenience_store,
          nicolae_shop_temple_entry_statues_fountains, nicolae_lakefront_shop,
          shop, minmay_unpleasant_kobolds
D:10:     layout_gridville, mainiacjoe_overflow_cross_hatched, serial_shops,
          nicolae_shop_bloodbath_and_beyond, nicolae_take_the_stairs,
          uniq_psyche
Orc:1:    layout_caves, serial_shops, nicolae_shop_crystal
Orc:2:    kennysheep_orc_mage_school, layout_caves, serial_shops,
          nicolae_square_shop, portal_ice_cave_entry_ice_simulacra, basic_altar
IceCv:    ice_cave_statue_garden_transporter

Skill      XL: |  1  2  3  4  5  6  7  8  9 10 11 |
---------------+----------------------------------+-----
Invocations    | 1 2 3 4 5 6 |  6.9
Short Blades   | 1 2 3 4 5 6 |  6.3
Axes           | 1 2 3 4 6 7 |  7.2
Maces & Flails | 1 2 3 4 5 6 |  6.3
Polearms       | 1 2 3 4 5 6 |  6.3
Staves         | 1 2 3 4 5 6 |  6.3
Slings         | 1 2 3 4 5 6 |  6.3
Bows           | 1 2 3 4 5 6 |  6.3
Crossbows      | 1 2 3 4 5 6 |  6.3
Throwing       | 1 2 3 4 5 6 |  6.3
Dodging        | 1 2 3 4 5 6 |  6.3
Stealth        | 1 2 3 4 5 6 |  6.3
Unarmed Combat | 1 2 3 4 5 6 |  6.3
Spellcasting   | 1 2 3 4 5 6 |  6.3
Evocations     | 1 2 3 4 5 6 |  6.3
Conjurations   | 1 2 3 4 5 |  5.2
Hexes          | 1 2 3 4 5 |  5.2
Summonings     | 1 2 3 4 5 |  5.2
Necromancy     | 1 2 3 4 5 |  5.2
Translocations | 1 2 3 4 5 |  5.2
Transmutations | 1 2 3 4 5 |  5.2
Fire Magic     | 1 2 3 4 5 |  5.2
Ice Magic      | 1 2 3 4 5 |  5.2
Air Magic      | 1 2 3 4 5 |  5.2
Earth Magic    | 1 2 3 4 5 |  5.2
Poison Magic   | 1 2 3 4 5 |  5.2
Long Blades    | 5 6 7 |  7.9
Fighting       | 7 8 9 |  9.2
Armour         | 7 8 9 |  9.2
Shields        | 7 8 9 |  9.2

Action                   |  1- 3 |  4- 6 |  7- 9 | 10-12 || total
-------------------------+-------+-------+-------+-------++-------
Melee: Long sword        |    57 |   126 |   348 |   116 ||   647
       Bite              |     3 |    12 |    59 |    60 ||   134
       Falchion          |       |       |       |   176 ||   176
       Unarmed           |       |       |       |     1 ||     1
Throw: Dart              |       |       |     4 |    22 ||    26
Invok: Bend Time         |       |       |       |     7 ||     7
Evoke: Wand              |       |       |       |     5 ||     5
  Use: Potion            |       |     1 |     3 |       ||     4
       Scroll            |       |       |     6 |     9 ||    15
Armor: Scale mail        |    12 |    86 |    55 |       ||   153
       Skin              |       |       |     6 |       ||     6
       Chain mail        |       |       |   104 |   104 ||   208
Dodge: Dodged            |    21 |    59 |   165 |   217 ||   462
Block: Buckler           |     8 |    27 |   106 |   139 ||   280

Table legend: (Time is in decaauts)
 A = Elapsed time spent in this place.
 B = Non-inter-level travel time spent in this place.
 C = Inter-level travel time spent in this place.
 D = Time resting spent in this place.
 E = Time spent auto-exploring this place.
 F = Levels seen in this place.
 G = Mean time per level.
                   A        B        C        D        E       F      G
               +--------+--------+--------+--------+--------+-----+--------+
         Total |  13141 |  12663 |    478 |   1537 |   9090 |  13 | 1010.8 |
       Dungeon |  12540 |  12105 |    435 |   1505 |   8700 |  10 | 1254.0 |
  Orcish Mines |    596 |    554 |     42 |     32 |    389 |   2 |  298.0 |
      Ice Cave |      5 |      5 |      0 |      0 |      0 |   1 |    5.0 |
               +--------+--------+--------+--------+--------+-----+--------+

Top non-repeatable levels by time:
     D:6: 1854 daAuts
     D:8: 1846 daAuts
     D:9: 1375 daAuts
     D:5: 1258 daAuts
     D:3: 1133 daAuts
     D:4: 1121 daAuts
     D:7: 1120 daAuts
     D:2: 1085 daAuts
    D:10: 1024 daAuts
     D:1: 720 daAuts
   Orc:1: 585 daAuts
   Orc:2: 10 daAuts
   IceCv: 5 daAuts
